 Dungeon Crawl Stone Soup version 0.19-a0-975-gfff5315 (webtiles) character file.

65 Gorice the Stinger (level 3, -3/24 HPs)
             Began as a Demonspawn Venom Mage on July 13, 2016.
             Killed by nerve-wracking pain
             ... invoked by Jessica
              (8 damage)
             ... on level 2 of the Dungeon.
             The game lasted 00:07:18 (1989 turns).

Gorice the Stinger (Demonspawn Venom Mage)          Turns: 1989, Time: 00:07:18

Health: -3/24      AC:  3    Str:  8    XL:     3   Next: 92%
Magic:  6/6        EV: 12    Int: 17    God:
Gold:   99         SH:  0    Dex: 13    Spells: 1 memorised, 6 levels left

rFire  . . .     SeeInvis .     (no weapon)
rCold  . . .     Gourm    .     a - +0 robe
rNeg   . . .     Faith    .     (no shield)
rPois  .         Spirit   .     (no helmet)
rElec  .         Dismiss  .     k - +0 cloak
rCorr  .         Reflect  .     (no gloves)
SustAt .         Harm     .     (no boots)
MR     .....                    (no amulet)
Stlth  ++........               (no ring)
                                (no ring)

@: not resistant to hostile enchantments, unstealthy
A: hooves 1
a: no special abilities


You were on level 2 of the Dungeon.
You were hungry.

You visited 1 branch of the dungeon, and saw 2 of its levels.

You collected 99 gold pieces.

Inventory:

Hand Weapons
 e - a cursed -3 hunting sling
 f - a +0 spear
Missiles
 Z - 66 stones (quivered)
Armour
 a - a +0 robe (worn)
 i - a +0 scale mail
 k - a +0 cloak (worn)
Jewellery
 d - an uncursed ring of wizardry {unknown}
 o - an uncursed ring of protection from magic {unknown}
Wands
 n - a wand of disintegration (18/24)
Scrolls
 g - a scroll of identify
 j - a scroll of fear {unknown}
 m - a scroll of teleportation {unknown}
Books
 b - a Young Poisoner's Handbook
Comestibles
 c - 2 bread rations {!e}
 l - 3 chunks of flesh


   Skills:
 - Level 1.7 Dodging
 - Level 1.7 Stealth
 + Level 2.5 Spellcasting
 * Level 3.1 Conjurations
 - Level 4.0 Poison Magic


You had 6 spell levels left.
You knew the following spells:

 Your Spells              Type           Power        Failure   Level  Hunger
a - Sting                 Conj/Pois      ##..         4%          1    #......


Dungeon Overview and Level Annotations

Branches:
Dungeon (2/15)

Altars:
Kikubaaqudgha

Annotations:
D:2 Jessica, Robin


Innate Abilities, Weirdness & Mutations

You have large cloven feet.


Message History

Aiming: Sting
Press: ? - help, Shift-Dir - straight line, f - goblin
Aim: a goblin, wielding a club The sting misses the goblin.
The goblin shouts!
Robin of the Strong Arm comes into view.
She is wielding a club.
A goblin comes into view. It is wielding a club.
Jessica gestures wildly while chanting.
Jessica blinks!
The hobgoblin hits you with a club.
* * * LOW HITPOINT WARNING * * *
Jessica casts a spell.
Jessica seems to speed up.
Found 8 gold pieces.
Damage: 4 (max 8) Jessica casts a spell.
Jessica blinks!
Some of the chunks of flesh in your inventory have rotted away.
You see here 8 gold pieces.
Found a small ivory ring.
Found 6 gold pieces.
You see here a small ivory ring.
o - a small ivory ring The hobgoblin hits you with a club.
* * * LOW HITPOINT WARNING * * *
Jessica shouts, "You're disturbing me!
I'll have to kill you!"
Damage: 3 (max 8)
The hobgoblin hits you with a club.
* * * LOW HITPOINT WARNING * * *
Damage: 3 (max 8)
As you read the scroll labeled COOFRE KEXKOIMYE, it crumbles to dust.
It is a scroll of identify.
n - a wand of disintegration (18/24)
The hobgoblin closely misses you.
As you read the scroll labeled WOORRI YMUWE, it crumbles to dust.
You feel blessed for a moment.
It was a scroll of remove curse.
The hobgoblin closely misses you.
Jessica gestures wildly while chanting.
Jessica blinks!
Casting: Sting
Confirm with . or Enter, or press ? or * to list all spells.
Okay, then.
Jessica casts a spell.
Jessica blinks!
Found a slice of pizza.
There is an escape hatch in the floor here.
You are feeling hungry.
Jessica casts a spell at you. Pain shoots through your body!
You die...

#...........#....##.### #.#.#
#...........#.........# ##...##
.........##.#...###...# .....
.........##.#...# ##..#####..#
.........##.#...####..#...#.#####
...........................$...@.
......#.###.#...#####.#...#.#####
#####.#รท#
#.#...##..........#####
#####+#.###.#...@.g.>g...........
............###....@g...#...#####
##...........P..........#.....#
###........###.$..P..#...#.#.#
#........# #..P....#.....#...
#........#.........##.##.# #.#
#........#.%..#........... .#
#........#._..##....#..#.# #
#........#....#P.PP...l..####


You could see Jessica, a hobgoblin and 2 goblins.

Vanquished Creatures
  An adder (D:2)
  2 oozes (D:1)
  A worm (D:2)
  A dart slug (D:1)
  A giant gecko (D:1)
  2 giant cockroaches
  4 goblins
  7 hobgoblins
  5 jackals
  A ball python (D:1)
  5 bats
  A giant newt (D:1)
  2 kobolds
  7 rats
40 creatures vanquished.

Notes
Turn   | Place    | Note
-------+----------+-------------------------------------------
     0 | D:1      | Gorice the Demonspawn Venom Mage began the quest for the Orb.
     0 | D:1      | Reached XP level 1. HP: 13/13 MP: 3/3
   175 | D:1      | Reached skill level 1 in Conjurations
   259 | D:1      | Gained mutation: You have large cloven feet. [demonic ancestry]
   259 | D:1      | Reached XP level 2. HP: 19/19 MP: 0/5
   659 | D:1      | Reached skill level 2 in Conjurations
  1003 | D:1      | Reached XP level 3. HP: 24/24 MP: 3/6
  1729 | D:2      | Reached skill level 3 in Conjurations
  1872 | D:2      | Found an ancient bone altar of Kikubaaqudgha.
  1872 | D:2      | Noticed Jessica
  1942 | D:2      | Noticed Robin
  1949 | D:2      | HP: 7/24 [hobgoblin/club[Robin] (4)]
  1965 | D:2      | HP: 6/24 [hobgoblin/club[Robin] (3)]
  1989 | D:2      | Killed from afar by Jessica

Vault maps used:
D:1:      evilmike_arrival_rings
D:2:      kennysheep_ying_yang, kiku_gazebo_garden_becter,
          gammafunk_temple_overflow_statue, minmay_misc_feat_roman,
          eino_tiny_chamber, minmay_pentomino_p4, uniq_crazy_yiuf_cottage,
          uniq_robin, uniq_jessica

Skill      XL: |  1  2  3 |
---------------+----------+-----
Conjurations   | 1 2 3 |  3.1
Dodging        | |  1.7
Stealth        | |  1.7
Spellcasting   | |  2.5
Poison Magic   | |  4.0

Action                   || total
-------------------------++-------
Melee: Unarmed           ||    88
       Kick              ||    17
 Cast: Sting             ||    95
  Use: Scroll            ||     2
  Eat: Chunk             ||     4
Armor: Robe              ||    33
Dodge: Dodged            ||    99

Table legend:
 A = Turns spent in this place as a percentage of turns spent in the entire game.
 B = Non-inter-level travel turns spent in this place as a percentage of non-inter-level travel turns spent in the entire game.
 C = Inter-level travel turns spent in this place as a percentage of turns spent in this place.
 D = Turns resting spent in this place as a percentage of non-inter-level travel turns spent in this place.
 E = Turns spent auto-exploring this place as a percentage of non-inter-level travel turns spent in this place.
 F = Non-inter-level travel turns spent in this place divided by the number of levels of this place that you've seen.
                   A       B       C       D       E      F
               +-------+-------+-------+-------+-------+----------------------
         Total | 100.0 | 100.0 |   0.2 |   2.4 |   4.2 | 415.5
       Dungeon | 100.0 | 100.0 |   0.2 |   2.4 |   4.2 | 415.5
               +-------+-------+-------+-------+-------+----------------------

Vault maps used:
D:1:      evilmike_arrival_rings
D:2:      kennysheep_ying_yang, kiku_gazebo_garden_becter,
          gammafunk_temple_overflow_statue, minmay_misc_feat_roman,
          eino_tiny_chamber, minmay_pentomino_p4, uniq_crazy_yiuf_cottage,
          uniq_robin, uniq_jessica
